 Dungeon Crawl Stone Soup version 0.31-a0-1-g4198be8af4 (webtiles) character file.

Game seed: 15911649042577486018

28249 Jeffwins the Dealer of Despair (level 13, -1/72 HPs)
             Began as an Octopode Necromancer on May 2, 2023.
             Was an Elder of Kikubaaqudgha.
             Slain by an azure jelly (8 damage)
             ... in an ice cave.
             The game lasted 00:53:11 (21319 turns).

Jeffwins the Dealer of Despair (OpNe)              Turns: 21319, Time: 00:53:13

Health: -1/72      AC:  1    Str: 12    XL:     13   Next: 37%
Magic:  0/26       EV: 19    Int: 24    God:    Kikubaaqudgha [****..]
Gold:   429        SH:  7    Dex: 28    Spells: 2/30 levels left

rFire   + . .        a - +6 hand axe of the Fulmar {pain, Str+4 Int+3 Dex+3 Stlth+}
rCold   + + .        U - +0 buckler
rNeg    + . .        (helmet restricted)
rPois   .            O - amulet "Jigab" {Spirit rElec rC++}
rElec   +            X - +6 ring of dexterity
rCorr   .            Z - ring of wizardry
SInv    +            C - ring of protection from cold
Will    .....        N - ring of positive energy
Stlth   +++++++      v - ring of see invisible
HPRegen 0.32/turn    F - ring of fire
MPRegen 0.20/turn    x - +6 ring of dexterity
                     (no ring)

%: guardian spirit, wizardry (x1)
@: about to teleport
A: almost no armour, amphibious, 8 rings, camouflage 1, gelatinous body 1,
(nimble swimmer 1), tentacles
a: Renounce Religion, Unearth Wretches


You were in an ice cave.
You worshipped Kikubaaqudgha.
Kikubaaqudgha was greatly pleased with you.
You visited 2 branches of the dungeon, and saw 13 of its levels.
You also visited: Ossuary and Ice Cave.

You collected 989 gold pieces.
You spent 560 gold pieces at shops.


Innate Abilities, Weirdness & Mutations

You cannot wear most types of armour.
You are amphibious.
You can wear up to eight rings at the same time.
Your skin changes colour to match your surroundings (Stealth+).
Your rubbery body absorbs attacks. (AC +1, EV +1)
((You are camouflaged when in or above water. (Stealth+)))
You have tentacles for arms and can constrict up to eight enemies at once.


   Skills:
 + Level 0.3 Fighting
 * Level 5.3(6.1) Axes
 - Level 2.9(4.5) Maces & Flails
 - Level 3.0(4.5) Polearms
 - Level 6.0 Throwing
 + Level 7.0 Dodging
 + Level 9.8 Stealth
 + Level 3.3 Shields
 * Level 9.2 Spellcasting
 * Level 1.4 Conjurations
 * Level 1.7 Hexes
 * Level 9.0 Summonings
 * Level 10.3 Necromancy
 * Level 3.5 Ice Magic
 * Level 1.2 Air Magic
 + Level 6.2 Evocations


You had 2 spell levels left.
You knew the following spells:

 Your Spells              Type           Power      Damage    Failure   Level
c - Call Canine Familiar  Summ           53%        N/A       1%          3
e - Death Channel         Necr           28%        N/A       7%          6
f - Freezing Cloud        Conj/Ice/Air   10%        6-21      34%         5
s - Simulacrum            Ice/Necr       22%        N/A       26%         6
x - Vampiric Draining     Necr           57%        2d10      1%          3
z - Necrotise             Necr           100%       1d9       1%          1
X - Anguish               Hex/Necr       20%        N/A       2%          4

Your spell library contained the following spells:

 Spells                   Type           Power      Damage    Failure   Level
 Kiss of Death            Conj/Necr      100%       2d13      1%          1
 Summon Small Mammal      Summ           100%       N/A       1%          1
 Cigotuvi's Dreadful Rot  Necr/Pois/Air  58%        N/A       1%          2
 Sublimation of Blood     Necr           57%        N/A       1%          2
 Summon Guardian Golem    Hex/Summ       36%        N/A       1%          3
 Animate Dead             Necr           57%        N/A       1%          4
 Agony                    Necr           57%        N/A       1%          5
 Tukima's Dance           Hex            19%        N/A       4%          3
 Portal Projectile        Hex/Tloc       30%        N/A       6%          3
 Ignite Poison            Fire/Tmut/Pois 16%        N/A       10%         3
 Blade Hands              Tmut           5%         N/A       61%         5

Inventory:

Hand Weapons
 a - the +6 hand axe of the Fulmar (weapon) {pain, Str+4 Int+3 Dex+3 Stlth+}
   (You found it on level 8 of the Dungeon)

   Str:       It affects your strength (+4).
   Int:       It affects your intelligence (+3).
   Dex:       It affects your dexterity (+3).
   Stlth:     It makes you more stealthy.
 u - a +2 halberd of venom
 G - a +0 arbalest
 J - a +5 halberd
 P - a +3 trident
 R - the +7 whip of Righteous Fury {pain, Str+3}
   (You bought it in a shop on level 7 of the Dungeon)

   Str:       It affects your strength (+3).
Missiles
 c - 2 curare-tipped darts {=f}
 k - 10 poisoned darts (quivered)
 o - 2 throwing nets {=f}
Armour
 U - a +0 buckler (worn)
Jewellery
 f - a ring of protection from fire
 v - a ring of see invisible (on tentacle)
 x - a +6 ring of dexterity (on tentacle)
 C - a ring of protection from cold (on tentacle)
 F - a ring of fire (on tentacle)
 N - a ring of positive energy (on tentacle)
 O - the amulet "Jigab" (around mantle) {Spirit rElec rC++}
   (You took it off a kobold brigand on level 7 of the Dungeon)

   [amulet of guardian spirit]

   It causes incoming damage to be divided between your reserves of health and
   magic.
   rC:        It greatly protects you from cold.
   rElec:     It insulates you from electricity.
 X - a +6 ring of dexterity (left tentacle)
 Z - a ring of wizardry (right tentacle)
Wands
 g - a wand of iceblast (16)
 y - a wand of polymorph (5)
 z - a wand of mindburst (4)
 H - a wand of flame (75)
 Y - a wand of paralysis (1)
Scrolls
 b - 7 scrolls of teleportation {@r4}
 d - a scroll of vulnerability {!r}
 e - 3 scrolls of poison {!r}
 h - 5 scrolls of noise {unknown}
 j - a scroll of magic mapping
 m - a scroll of fog
 n - 3 scrolls of enchant weapon
 q - a scroll of summoning
 t - 2 scrolls of torment {!r}
 w - a scroll of enchant armour
 I - a scroll of blinking
 K - 4 scrolls of amnesia {unknown}
 L - 2 scrolls of immolation {!r}
 M - a scroll of brand weapon
Potions
 i - 3 potions of cancellation {unknown}
 l - 3 potions of brilliance
 p - a potion of haste {@q3}
 r - 2 potions of lignification {unknown}
 s - 2 potions of curing {@q1}
 A - 2 potions of degeneration {unknown}
 B - 3 potions of might
 D - 2 potions of magic
 E - 2 potions of attraction {unknown}
 Q - 3 potions of mutation {unknown}
 S - 3 potions of heal wounds {unknown}
 T - 3 potions of flight {unknown}
 V - a potion of ambrosia {unknown}
Miscellaneous
 W - a lightning rod (4/4)

Dungeon Overview and Level Annotations

Branches:
Dungeon (12/15)            Temple (1/1) D:5            Lair (0/5) D:10
    Orc (0/2) D:9         Ossuary (visited)           IceCv (1/1)

Altars:
Ashenzari
Cheibriados
Dithmenos
Elyvilon
Fedhas
Gozag
Hepliaklqana
Kikubaaqudgha
Makhleb
Nemelex Xobeh
Okawaru
Qazlal
Ru
Sif Muna
Trog
Uskayaw
Vehumet
Wu Jian
Xom
Yredelemnul
Zin
The Shining One

Shops:
D:2 *   D:5 *(!   D:7 (*   D:10 *

Annotations:
IceCv exclusion: 2 ice statues

#######.......###
............#######
.......######.....##
.#######
##........####
########
......#....)!##
.J....
....#........$#
.JJ.# ....⚑.#....[#
....## ..#........[#
#....J##
...#@J..=)##
.......#
#.......J####
.....### ###.....##
###### #######


You could see 2 azure jellies.


Message History

The azure jelly completely misses you. The azure jelly misses you.
Okay, then.
The azure jelly attacks as you move away!
The azure jelly misses you. The azure jelly hits you.
The azure jelly freezes you! You resist.
* * * LOW HITPOINT WARNING * * *
The azure jelly hits you.
* * * LOW HITPOINT WARNING * * *
The azure jelly hits you!
* * * LOW HITPOINT WARNING * * *
Your surroundings seem slightly different.
Unknown command.
As you read the scroll of teleportation {@r4}, it crumbles to dust.
You feel strangely unstable.
You feel better. The azure jelly hits you.
* * * LOW HITPOINT WARNING * * *
The azure jelly freezes you! You resist.
* * * LOW HITPOINT WARNING * * *
You block the azure jelly's attack. The azure jelly hits you.
* * * LOW HITPOINT WARNING * * *
You block the azure jelly's attack.
You feel better. The azure jelly hits you!
* * * LOW HITPOINT WARNING * * *
The azure jelly freezes you! You resist.
* * * LOW HITPOINT WARNING * * *
The azure jelly hits you.
* * * LOW HITPOINT WARNING * * *
The azure jelly freezes you! You resist.
You die...
Kikubaaqudgha rasps: "You have failed me!
Welcome... death!"

Skill      XL: |  1  2  3  4  5  6  7  8  9 10 11 12 13 |
---------------+----------------------------------------+-----
Stealth        | 3 4 5 6 7 8 9 |  9.8
Throwing       | 1 2 3 4 5 6 |  6.0
Spellcasting   | 3 4 5 6 7 8 9 |  9.2
Necromancy     | 5 6 7 8 9 10 | 10.3
Dodging        | 3 4 5 6 7 |  7.0
Summonings     | 1 3 4 5 6 7 8 9 |  9.0
Evocations     | 1 3 4 5 6 |  6.2
Polearms       | 3 |  3.0
Maces & Flails | 2 |  2.9
Axes           | 3 4 5 |  5.3
Shields        | 1 2 3 |  3.3
Ice Magic      | 3 |  3.5
Hexes          | 1 |  1.7
Conjurations   | 1 |  1.4
Air Magic      | 1 |  1.2
Fighting       | |  0.3

Action                     |  1- 3 |  4- 6 |  7- 9 | 10-12 | 13-15 || total
---------------------------+-------+-------+-------+-------+-------++-------
  Melee: Unarmed           |    50 |       |       |       |       ||    50
         Constrict         |    14 |    14 |    43 |    51 |     5 ||   127
         Tentacles         |    12 |     7 |    45 |    84 |    29 ||   177
         Flail             |       |    53 |   172 |       |       ||   225
         Punch             |       |     1 |     2 |     4 |     2 ||     9
         Trident           |       |       |     4 |    61 |       ||    65
         Dire flail        |       |       |     2 |       |       ||     2
         Whip              |       |       |       |    69 |       ||    69
         Hand axe          |       |       |       |   189 |    92 ||   281
  Throw: Dart              |     2 |     2 |     4 |    33 |       ||    41
   Cast: Necrotise         |    19 |    17 |    37 |    69 |       ||   142
         Call Canine Famil |       |     1 |    20 |    51 |    28 ||   100
         Vampiric Draining |       |     3 |    24 |   103 |     9 ||   139
         Simulacrum        |       |       |       |     4 |       ||     4
         Death Channel     |       |       |       |     3 |     2 ||     5
 Invoke: Unearth Wretches  |       |       |       |     3 |       ||     3
  Evoke: Wand              |       |       |       |    10 |     3 ||    13
         Lightning rod     |       |       |       |     6 |       ||     6
    Use: Scroll            |       |     1 |     3 |    14 |     4 ||    22
         Potion            |       |       |     4 |     1 |     3 ||     8
   Stab: Sleeping          |     6 |     7 |    13 |    10 |       ||    36
         Distracted        |       |       |     2 |     7 |     5 ||    14
         Invisible         |       |       |     1 |       |       ||     1
         Paralysed         |       |       |       |     9 |     7 ||    16
 Armour: Skin              |     2 |     4 |    13 |     8 |     6 ||    33
  Dodge: Dodged            |    30 |    58 |   185 |   345 |    47 ||   665
  Block: Buckler           |       |       |       |    30 |    28 ||    58

Levels and vault maps discovered:
D:1:      saegor_arrival_simple_d, layout_basic, serial_curves, eino_curves_03,
          eino_curves_01
D:2:      kennysheep_big_flooded_room, layout_basic, serial_shops, shop,
          amcnicky_mini_corridor_feature
D:3:      layout_basic, nicolae_dithmenos_the_darkroom
D:4:      layout_loops_ring, nicolae_uskayaw_murder_on_the_dancefloor,
          enter_ossuary_2, uniq_grinder
D:5:      cheibrodos_helix_gallery, layout_rooms,
          nicolae_hepliaklqana_monster_ancestors, doesnt_xom_only_xom,
          minmay_temple_entry_overgrown, serial_shops, nicolae_take_the_stairs,
          nicolae_shop_tiny_statue_garden, nicolae_shop_statue_plus,
          minivault_5, minmay_misc_feat_chi, uniq_sigmund
D:6:      layout_cave_pods, nicolae_gozag_seed_capital, grunt_decor_junction,
          palyth_stone_intersect, uniq_pikel, uniq_eustachio
D:7:      minmay_the_grid_octo_tiled_octocenter [minmay_the_grid_octo_checkered,
          minmay_the_grid_octo_clover, minmay_the_grid_octo_clover_2,
          minmay_the_grid_octo_checkerflower, minmay_the_grid_octo_prize_big_c,
          minmay_the_grid_square_5x5_one_wall,
          minmay_the_grid_square_5x5_checkered, minmay_the_grid_square_5x5_meh,
          minmay_the_grid_square_5x5_trominoes], layout_loops_corners,
          trog_book, serial_shops, shop, roderic_nine_men_s_morris,
          nicolae_shop_clearance, uniq_duvessa
D:8:      layout_layer_cave
D:9:      layout_cross, mainiacjoe_overflow_catch_the_wave, erik_orc_4,
          uniq_grum
D:10:     layout_stronghold, nicolae_sif_muna_little_library,
          mainiacjoe_overflow_divided_tiny, due_lair_maze_entry_diamond,
          minivault_16, minmay_liquid_box, kennysheep_cross_room,
          nicolae_elemental_shop, serial_bayou_pond_b
D:11:     fort_yaktaur, layout_layer_cave, minmay_misc_feat_tower,
          fiery_altar_vehumet
D:12:     layout_loops_corners, portal_ice_cave_entry_animals_and_master
Temple:   nicolae_temple_bog_church
IceCv:    ice_cave_hellmonk_azure_passage

Notes
Turn   | Place    | Note
-------+----------+-------------------------------------------
     0 | D:1      | Jeffwins the Octopode Necromancer began the quest for the
                  | Orb.
     0 | D:1      | Reached XP level 1. HP: 11/11 MP: 3/3
   208 | D:1      | Reached XP level 2. HP: 17/17 MP: 0/5
   295 | D:1      | Reached skill level 3 in Stealth
   764 | D:1      | Reached XP level 3. HP: 15/21 MP: 6/6
   768 | D:1      | Learned a level 3 spell: Vampiric Draining
  1282 | D:2      | Reached XP level 4. HP: 18/27 MP: 2/7
  1708 | D:2      | Reached XP level 5. HP: 31/31 MP: 1/9
  1801 | D:2      | Reached skill level 1 in Throwing
  1809 | D:2      | Reached skill level 3 in Spellcasting
  2003 | D:2      | Identified the +0 leather armour of Entitlement {Regen+
                  | rCorr Str+5 Dex-3}
  2121 | D:2      | Found Voroas's General Store.
  2680 | D:3      | Found a shadowy altar of Dithmenos.
  3458 | D:4      | Noticed a phantom
  3470 | D:4      | Learned a level 3 spell: Call Canine Familiar
  3479 | D:4      | Reached skill level 4 in Stealth
  3479 | D:4      | Reached skill level 5 in Necromancy
  3542 | D:4      | Found a hide-covered altar of Uskayaw.
  3557 | D:4      | Noticed Grinder
  3566 | D:4      | Killed Grinder
  3567 | D:4      | Reached skill level 3 in Dodging
  3567 | D:4      | Reached skill level 1 in Summonings
  3567 | D:4      | Reached XP level 6. HP: 36/36 MP: 7/11
  3618 | D:4      | Reached XP level 7. HP: 29/41 MP: 3/12
  3632 | D:4      | Reached skill level 2 in Throwing
  3727 | D:4      | Found a sand-covered staircase.
  3732 | Ossuary  | Entered an ossuary
  3906 | Ossuary  | Reached skill level 2 in Summonings
  3912 | Ossuary  | Reached skill level 4 in Spellcasting
  4490 | D:4      | Reached skill level 5 in Stealth
  4573 | D:4      | Reached skill level 3 in Summonings
  4573 | D:4      | Reached skill level 6 in Necromancy
  4573 | D:4      | Reached XP level 8. HP: 23/46 MP: 12/14
  4806 | D:5      | Entered Level 5 of the Dungeon
  4806 | D:5      | Found Mifa Viff's Assorted Antiques.
  4830 | D:5      | Bought a red potion for 24 gold pieces
  4830 | D:5      | Bought an ivory wand for 108 gold pieces
  4830 | D:5      | Bought a silvery potion for 24 gold pieces
  4838 | D:5      | Found a staircase to the Ecumenical Temple.
  4846 | D:5      | Found Rifabb's Weapon Shop.
  4930 | D:5      | Found a hazy altar of Hepliaklqana.
  5165 | D:5      | Reached skill level 4 in Dodging
  5165 | D:5      | Reached skill level 1 in Evocations
  5165 | D:5      | HP: 1/46 [iguana (15)]
  5416 | D:5      | Reached skill level 3 in Throwing
  5416 | D:5      | Reached skill level 5 in Spellcasting
  5429 | D:5      | Reached skill level 4 in Summonings
  5527 | D:5      | Found Boegh's Distillery.
  5548 | D:5      | Reached XP level 9. HP: 20/51 MP: 2/16
  5695 | D:5      | Noticed Sigmund
  5708 | D:5      | Killed Sigmund
  5709 | D:5      | Reached skill level 6 in Stealth
  5709 | D:5      | Reached skill level 2 in Evocations
  5812 | D:5      | Reached skill level 7 in Necromancy
  5956 | D:5      | Found a shimmering altar of Xom.
  5958 | D:5      | Found a glowing golden altar of the Shining One.
  5958 | D:5      | Found a sacrificial altar of Ru.
  5964 | D:5      | Found a sacrificial altar of Ru.
  5964 | D:5      | Found an ornate altar of the Wu Jian Council.
  5964 | D:5      | Found a shimmering blue altar of Sif Muna.
  6186 | Temple   | Entered the Ecumenical Temple
  6327 | Temple   | Became a worshipper of Kikubaaqudgha
  7093 | D:5      | Bought a runed fluorescent wand for 108 gold pieces
  7093 | D:5      | Bought a scroll labelled VIJYNOY HEDWO for 27 gold pieces
  7131 | D:6      | Noticed Pikel
  7145 | D:6      | Killed Pikel
  7146 | D:6      | Reached skill level 5 in Summonings
  7304 | D:6      | Noticed Eustachio
  7466 | D:6      | Killed Eustachio
  7467 | D:6      | Reached skill level 6 in Spellcasting
  7610 | D:6      | Found an opulent altar of Gozag.
  7724 | D:6      | Reached skill level 4 in Throwing
  7724 | D:6      | Reached skill level 3 in Evocations
  7783 | D:6      | HP: 4/49 [wight/+3 trident (12)]
  7788 | D:6      | HP: 1/47 [phantom (5)]
  8144 | D:6      | Reached XP level 10. HP: 23/56 MP: 9/19
  8282 | D:7      | Reached skill level 5 in Dodging
  8334 | D:7      | You fall into a shaft and drop 1 floor!
  8510 | D:7      | Reached skill level 7 in Stealth
  8515 | D:7      | Reached * piety under Kikubaaqudgha
  8515 | D:7      | Received a gift from Kikubaaqudgha
  8673 | D:7      | Reached skill level 1 in Polearms
  8846 | D:7      | Found Imne's CLEARANCE SALE!.
  8852 | D:7      | Bought 2 scrolls of summoning for 38 gold pieces
  8852 | D:7      | Bought a scroll of teleportation for 6 gold pieces
  8954 | D:7      | Noticed Duvessa
  8970 | D:7      | Noticed Dowan
  8977 | D:7      | Killed Duvessa
  8998 | D:7      | Killed Dowan
  9212 | D:7      | Reached skill level 8 in Necromancy
  9385 | D:7      | Reached skill level 6 in Summonings
  9538 | D:7      | Reached skill level 2 in Polearms
  9623 | D:7      | Identified the amulet "Jigab" {Spirit rElec rC++}
  9965 | D:7      | Found Qomycay's Antique Weapon Emporium.
  9977 | D:7      | Bought a bloodstained whip for 225 gold pieces
  9977 | D:7      | Identified the +7 whip of Righteous Fury {pain, Str+3} (You
                  | bought it in a shop on level 7 of the Dungeon)
 10164 | D:7      | Identified the +1 robe of Ru's Generosity {Int+5}
 10215 | D:7      | Found a bloodstained altar of Trog.
 10341 | D:7      | Noticed an unseen horror
 10353 | D:7      | Noticed a deep elf pyromancer
 10357 | D:7      | Killed an unseen horror
 10510 | D:7      | Noticed a kobold demonologist
 10514 | D:7      | Killed a kobold demonologist
 10685 | D:7      | Killed a deep elf pyromancer
 10686 | D:7      | Reached skill level 1 in Maces & Flails
 10792 | D:7      | Reached skill level 4 in Evocations
 10792 | D:7      | Noticed a two-headed ogre
 10912 | D:7      | Killed a two-headed ogre
 10913 | D:7      | Reached skill level 2 in Maces & Flails
 10913 | D:7      | Reached skill level 3 in Polearms
 10913 | D:7      | Reached skill level 7 in Spellcasting
 11020 | D:7      | Reached XP level 11. HP: 51/61 MP: 17/21
 11083 | D:7      | Identified the +0 robe of Inviolability {rC+ Int+7}
 11095 | D:7      | Noticed a cyclops
 11199 | D:7      | Killed a cyclops
 11200 | D:7      | Reached skill level 8 in Stealth
 11935 | D:8      | Reached ** piety under Kikubaaqudgha
 11936 | D:8      | Reached skill level 5 in Throwing
 12767 | D:8      | Identified the +6 hand axe of the Fulmar {pain, Str+4 Int+3
                  | Dex+3 Stlth+}
 12937 | D:8      | Reached skill level 7 in Summonings
 13103 | D:9      | HP: 4/61 [yak (5)]
 13399 | D:9      | Found an iron altar of Okawaru.
 13444 | D:9      | Found a snail-covered altar of Cheibriados.
 13468 | D:9      | Reached skill level 1 in Axes
 13528 | D:9      | Noticed a two-headed ogre
 13822 | D:9      | Found a staircase to the Orcish Mines.
 13823 | D:9      | Reached *** piety under Kikubaaqudgha
 13823 | D:9      | Received a gift from Kikubaaqudgha
 13828 | D:9      | Noticed Grum
 13930 | D:9      | Killed Grum
 13931 | D:9      | Reached skill level 9 in Necromancy
 13937 | D:9      | Reached skill level 2 in Axes
 13937 | D:9      | Reached skill level 6 in Dodging
 14346 | D:9      | HP: 5/61 [orc priest/divine providence (12)]
 14355 | D:9      | Killed a two-headed ogre
 14864 | D:10     | Entered Level 10 of the Dungeon
 14972 | D:10     | Noticed a two-headed ogre
 15020 | D:10     | Noticed a two-headed ogre
 15057 | D:10     | Reached skill level 5 in Evocations
 15318 | D:10     | Reached skill level 1 in Shields
 15400 | D:10     | Reached skill level 3 in Axes
 15404 | D:10     | Found a staircase to the Lair.
 15411 | D:10     | Reached skill level 8 in Spellcasting
 15424 | D:10     | Reached XP level 12. HP: 42/66 MP: 6/24
 15633 | D:10     | Reached **** piety under Kikubaaqudgha
 15634 | D:10     | Reached skill level 9 in Stealth
 15706 | D:10     | Found a basalt altar of Yredelemnul.
 15706 | D:10     | Found a sacrificial altar of Ru.
 15759 | D:10     | Learned a level 6 spell: Death Channel
 15927 | D:10     | Noticed a two-headed ogre
 15953 | D:10     | Killed a two-headed ogre
 16038 | D:10     | Killed a two-headed ogre
 16039 | D:10     | Reached skill level 8 in Summonings
 16150 | D:10     | Learned a level 6 spell: Simulacrum
 16276 | D:10     | Found Doemmupoz's Elemental Accessories.
 16622 | D:10     | Found a shimmering blue altar of Sif Muna.
 16850 | D:11     | Found a radiant altar of Vehumet.
 16862 | D:11     | Identified the +0 scimitar "Beastbane" {freeze, rF+ Dex+3}
 17382 | D:11     | Reached skill level 2 in Shields
 17405 | D:11     | Reached skill level 1 in Ice Magic
 17408 | D:11     | Noticed a death yak
 17410 | D:11     | Reached skill level 4 in Axes
 17414 | D:11     | Noticed a death yak
 17965 | D:11     | Noticed a two-headed ogre
 17995 | D:11     | Reached skill level 6 in Throwing
 18323 | D:11     | Killed a two-headed ogre
 18556 | D:11     | Noticed a minotaur
 18651 | D:11     | Killed a minotaur
 18652 | D:11     | Reached skill level 2 in Ice Magic
 18839 | D:11     | Noticed a death yak
 18844 | D:11     | Noticed a death yak
 18845 | D:11     | Noticed a minotaur
 18871 | D:11     | Killed a death yak
 18872 | D:11     | Reached skill level 10 in Necromancy
 19543 | D:11     | Killed a death yak
 19544 | D:11     | Killed a death yak
 19547 | D:11     | Killed a minotaur
 19548 | D:11     | Reached skill level 3 in Ice Magic
 19548 | D:11     | Reached skill level 6 in Evocations
 19548 | D:11     | Reached XP level 13. HP: 22/71 MP: 6/25
 19551 | D:11     | Reached skill level 5 in Axes
 19557 | D:11     | Reached skill level 3 in Shields
 19915 | D:11     | Learned a level 4 spell: Anguish
 19921 | D:11     | Learned a level 5 spell: Freezing Cloud
 20056 | D:12     | Found a frozen archway.
 20065 | D:12     | Noticed an ice dragon
 20092 | D:12     | Killed an ice dragon
 20093 | D:12     | Reached skill level 9 in Spellcasting
 20117 | D:12     | Reached skill level 1 in Hexes
 20261 | IceCv    | Entered an ice cave
 20542 | IceCv    | Reached skill level 1 in Conjurations
 20865 | IceCv    | Reached skill level 1 in Air Magic
 21005 | IceCv    | Reached skill level 9 in Summonings
 21311 | IceCv    | Reached skill level 7 in Dodging
 21311 | IceCv    | Found a viscous altar of Jiyva.
 21311 | IceCv    | Noticed an azure jelly
 21311 | IceCv    | Noticed an azure jelly
 21319 | IceCv    | HP: 7/72 [azure jelly (5)]
 21319 | IceCv    | Slain by an azure jelly

Vanquished Creatures
  A minotaur (D:11)
  An ice dragon (D:12)
  2 two-headed ogres
  2 death yaks (D:11)
  Pikel (D:6)
  A deep elf pyromancer (D:7)
  A cyclops (D:7)
  An ice statue (IceCv)
  5 yaktaurs (D:11)
  A komodo dragon (D:10)
  A kobold demonologist (D:7)
  4 trolls
  3 polar bears (D:12)
  Grinder (D:4)
  Sigmund (D:5)
  4 slime creatures (IceCv)
  Eustachio (D:6)
  11 yaks
  2 wraiths
  A vampire mosquito (D:7)
  Grum (D:9)
  2 steam dragons
  2 wargs (D:9)
  2 acid dragons
  5 water moccasins
  Duvessa (D:7)
  4 sky beasts (D:7)
  An ice beast (D:5)
  2 orc warriors (D:8)
  4 great orb of eyes simulacra (IceCv)
  6 ogres (D:5)
  4 black bears
  6 wolves
  8 centaurs
  A lemure (D:6)
  3 phantoms
  A slime creature simulacrum (IceCv)
  3 kobold brigands
  A gnoll sergeant (D:9)
  2 bullfrogs
  2 elf zombies (Ossuary)
  2 glowing shapeshifter simulacra (IceCv)
  3 scorpions
  6 wights
  Dowan (D:7)
  5 killer bees (D:8)
  3 howler monkeys (D:7)
  An electric eel (D:11)
  5 hounds
  A centaur zombie (Ossuary)
  2 gnoll boudas
  A human zombie (Ossuary)
  5 orc priests
  3 jellies
  3 iguanas
  12 orc wizards
  A shapeshifter simulacrum (IceCv)
  A mummy (Ossuary)
  4 adders
  26 gnolls
  A white imp (D:5)
  An ufetubus (D:5)
  2 worms
  3 dart slugs (D:2)
  47 orcs
  7 ball pythons
  8 endoplasms
  3 giant cockroaches (D:1)
  8 goblins
  8 hobgoblins
  4 jackals (D:1)
  10 kobolds
  2 quokkas
  4 bats
  3 frilled lizards
  A goblin zombie (Ossuary)
  6 hobgoblin zombies (Ossuary)
  A jackal zombie (Ossuary)
  12 kobold zombies (Ossuary)
  7 orc zombies (Ossuary)
  4 rats (D:1)
  3 rat zombies (Ossuary)
  A spectral hobgoblin (D:5)
337 creatures vanquished.

Vanquished Creatures (collateral kills)
  A minotaur (D:11)
  3 two-headed ogres
  A death yak (D:11)
  4 yaktaurs (D:11)
  2 slime creatures (IceCv)
  17 yaks
  A steam dragon (D:10)
  A water moccasin (D:5)
  An ogre (D:4)
  A black bear (D:7)
  3 centaurs (D:11)
  A phantom (D:6)
  A gnoll sergeant (D:7)
  4 glowing shapeshifter simulacra (IceCv)
  6 wights
  2 jellies
  2 orc priests
  2 orc wizards (D:7)
  A mummy (Ossuary)
  11 gnolls
  An adder (D:5)
  A white imp (D:7)
  An adder zombie (Ossuary)
  4 orcs
  An endoplasm (D:1)
  A goblin zombie (Ossuary)
  2 kobolds (D:9)
  A rat zombie (Ossuary)
77 creatures vanquished.

Vanquished Creatures (others)
  A two-headed ogre (D:11)
  A boulder beetle (D:11)
  A death yak (D:11)
  An unseen horror (D:7)
  A yak (D:11)
  A bullfrog (D:11)
  A howler monkey (D:11)
  2 iguanas (D:11)
  2 orcs (D:11)
  33 fungi (D:10)
  47 plants (D:10)
91 creatures vanquished.

Grand Total: 505 creatures vanquished

Table legend: (Time is in decaauts)
 A = Elapsed time spent in this place.
 B = Non-inter-level travel time spent in this place.
 C = Inter-level travel time spent in this place.
 D = Time resting spent in this place.
 E = Time spent auto-exploring this place.
 F = Levels seen in this place.
 G = Mean time per level.
                   A        B        C        D        E       F      G
               +--------+--------+--------+--------+--------+-----+--------+
         Total |  21567 |  20829 |    738 |   4268 |  12072 |  15 | 1437.8 |
       Dungeon |  19821 |  19106 |    715 |   3662 |  11653 |  12 | 1651.8 |
        Temple |    157 |    134 |     23 |      0 |    123 |   1 |  157.0 |
       Ossuary |    527 |    527 |      0 |     13 |    296 |   1 |  527.0 |
      Ice Cave |   1060 |   1060 |      0 |    593 |      0 |   1 | 1060.0 |
               +--------+--------+--------+--------+--------+-----+--------+

Top non-repeatable levels by time:
     D:7: 3159 daAuts
    D:11: 3102 daAuts
    D:10: 1886 daAuts
     D:8: 1866 daAuts
     D:6: 1857 daAuts
     D:9: 1720 daAuts
     D:5: 1496 daAuts
     D:2: 1258 daAuts
     D:1: 1190 daAuts
   IceCv: 1060 daAuts
     D:3: 1052 daAuts
     D:4: 925 daAuts
 Ossuary: 527 daAuts
    D:12: 308 daAuts
  Temple: 157 daAuts

Table legend:
 A = Non-vault XP
 B = Vault XP
 C = Vault XP percentage of total XP
 D = Non-vault monster count
 E = Vault monster count
 F = Vault count percentage of total count
                 A         B        C        D         E       F
            +---------+---------+-------+---------+---------+-------
      Total |   13304 |   27053 |  67.0 |     238 |     177 |  42.7
            +---------+---------+-------+---------+---------+-------
        D:1 |      43 |       0 |   0.0 |      25 |       0 |   0.0
        D:2 |     164 |       6 |   3.5 |      25 |       2 |   7.4
        D:3 |      18 |       0 |   0.0 |       5 |       0 |   0.0
        D:4 |     432 |     267 |  38.2 |      19 |       1 |   5.0
        D:5 |    1226 |     414 |  25.2 |      23 |       5 |  17.9
        D:6 |     894 |     831 |  48.2 |      22 |       2 |   8.3
        D:7 |     444 |    5185 |  92.1 |      15 |      33 |  68.8
        D:8 |    1284 |       0 |   0.0 |      31 |       0 |   0.0
        D:9 |    3378 |    1135 |  25.1 |      39 |      20 |  33.9
       D:10 |    3058 |    2983 |  49.4 |      12 |      14 |  53.8
       D:11 |    2158 |   10310 |  82.7 |      21 |      34 |  61.8
       D:12 |     205 |    2425 |  92.2 |       1 |       8 |  88.9
    Ossuary |       0 |     342 | 100.0 |       0 |      39 | 100.0
      IceCv |       0 |    3155 | 100.0 |       0 |      19 | 100.0
            +---------+---------+-------+---------+---------+-------
